 Dungeon Crawl Stone Soup version bcrawl-1.13.5 (webtiles) character file.

Game seed: 1862704833923453015

20 Exporg the Ducker (level 2, 17/20 HPs)
             Began as a Fairy Fighter on Aug 6, 2019.
             Got out of the dungeon alive.
             The game lasted 00:02:04 (524 turns).

Exporg the Ducker (Fairy Fighter)                    Turns: 524, Time: 00:02:05

Health: 17/20      AC:  3    Str: 14    XL:     2   Next: 79%
Magic:  4/4        EV: 14    Int: 11    God:
Gold:   51         SH: 13    Dex: 11    Spells: 1/1 levels left

rFire    . . .     SeeInvis .   a - +0 flail
rCold    . . .     Gourm    .   b - +0 shield
rNeg     . . .     Faith    .   (armour unavailable)
rPois    .         Spirit   .   (no helmet)
rElec    .         Reflect  .   (no cloak)
rCorr    .         Harm     .   (no gloves)
MR       .....                  (no boots)
Stlth    ..........             (no amulet)
HPRegen  0.06/turn              (no ring)
MPRegen  0.09/turn              (no ring)

@: flying evasively
A: small, magic attunement, unstealthy, unfitting armour, able to fly, AC/SH +3
a: Stop Flying


You escaped.
You were not hungry.

You visited 1 branch of the dungeon, and saw 1 of its levels.

You collected 51 gold pieces.

Inventory:

Hand Weapons
 a - a +0 flail (weapon)
Missiles
 h - 125 bolts
Armour
 b - a +0 shield (worn)
Scrolls
 g - 2 scrolls of identify {unknown}
 i - a scroll of magic mapping {unknown}
Potions
 c - a potion of might
 e - a potion of heal wounds {unknown}
Comestibles
 d - 2 rations {!d}


   Skills:
 + Level 2.9 Fighting
 + Level 2.3 Maces & Flails
 + Level 4.2 Dodging
 + Level 3.8 Shields


You had one spell level left.
You didn't know any spells.
Your spell library was empty.

Dungeon Overview and Level Annotations

Branches:
Dungeon (1/12)

Altars:


Innate Abilities, Weirdness & Mutations

Your spells do not cause hunger and MP costs are reduced by 1.
Your bright wings attract enemies. (Stealth-)
You cannot fit into any form of body armour.
Your shimmering scales are hard and can block incoming attacks. (AC +3, SH +3)
You are small and have problems with some larger weapons.
You can fly continuously.


Message History

There is an open door here.
There are monsters nearby!
The leopard gecko bites you. You block the leopard gecko's attack.
The kobold misses you. The leopard gecko bites you.
All of the chunks of flesh in your inventory have rotted away.
The kobold hits you but does no damage.
There is an open door here.
The kobold barely misses you.
The leopard gecko hisses menacingly.
You block the kobold's attack. The kobold misses you.
The kobold hits you but does no damage.
There is an open door here.
You block the kobold's attack. You block the leopard gecko's attack.
The leopard gecko barely misses you.
There is an open door here.
There is a staircase leading out of the dungeon here.
Are you sure you want to leave the Dungeon?
This will make you lose the game! You block the leopard gecko's attack.
You have escaped!

.......#..'...'..#.#.......#
####...#..#...#†P#.#.......#
####...####...####.#.......#
.......#..#...#.P#.#.......#
.......#..'...'..#.#.......#
.......#..#...#P.#.#.......#
####+#.####...####.#.......#
.#..#...#K.#.#.......#
.#..'...'l@#.#.......# ####.
.#..#...#..#.#.......#
.......####...####.........#
####.# #..#...# #.####'####
.....#.#(.'...+ #.# #.#
.......#PP#...# #.####'###
.#####.#####'#####........#
.............#...'........#
÷#######.##.##.###........#


You could see a leopard gecko and a kobold.

Vanquished Creatures
  A ball python (D:1)
  2 bats (D:1)
  2 giant cockroaches (D:1)
  2 hobgoblins (D:1)
  4 jackals (D:1)
  2 kobolds (D:1)
  A quokka (D:1)
  3 rats (D:1)
17 creatures vanquished.

Notes
Turn   | Place    | Note
-------+----------+-------------------------------------------
     0 | D:1      | Exporg the Fairy Fighter began the quest for the Orb.
     0 | D:1      | Reached XP level 1. HP: 15/15 MP: 3/3
   153 | D:1      | Reached XP level 2. HP: 20/20 MP: 4/4
   468 | D:1      | Upgraded the game from bcrawl-1.13.1-9-ga81ed0b431 to
                  | bcrawl-1.13.5
   524 | D:$      | Got out of the dungeon alive.

Skill      XL: |  1 |
---------------+----+-----
Maces & Flails | 2 |  2.3
Fighting       | |  2.9
Dodging        | |  4.2
Shields        | |  3.8

Action                   || total
-------------------------++-------
Melee: Flail             ||    59
Armor: Skin              ||    22
Dodge: Dodged            ||    43
Block: Shield            ||    59
